 Dungeon Crawl Stone Soup version 0.30.0-15-g856e2d3f33 (webtiles) character file.

Game seed: 12155475747737663245

282 qw the Chopper (level 6, -12/38 HPs)
             Began as a Gargoyle Cinder Acolyte on May 18, 2023.
             Was an Elder of Ignis.
             Mangled by an ogre
             ... wielding a +0 giant spiked club
              (24 damage)
             ... on level 4 of the Dungeon.
             The game lasted 00:01:30 (2752 turns).

qw the Chopper (Gargoyle Cinder Acolyte)            Turns: 2752, Time: 00:01:31

Health: -12/38     AC: 14    Str: 19    XL:     6   Next: 28%
Magic:  7/7        EV: 11    Int: 15    God:    Ignis [****..]
Gold:   143        SH:  0    Dex:  5    Spells: 7/7 levels left

rFire   + . .        Y - +0 hand axe (flame)
rCold   . . .        (no shield)
rNeg    + . .        i - +0 leather armour
rPois   inf          (no helmet)
rElec   +            (no cloak)
rCorr   .            (no gloves)
SInv    .            (no boots)
Will    +....        (no amulet)
Stlth   +            a - ring of willpower
HPRegen 0.26/turn    (no ring)
MPRegen 0.10/turn

%: no passive effects
@: fiery-armoured
A: sickness immunity, AC +4, negative energy resistance 1, electricity
resistance, torment resistance 1, petrification resistance
a: Renounce Religion, Fiery Armour, Foxfire Swarm, Rising Flame


You were on level 4 of the Dungeon.
You worshipped Ignis.
Ignis was greatly pleased with you.
You visited 1 branch of the dungeon, and saw 4 of its levels.

You collected 143 gold pieces.


Innate Abilities, Weirdness & Mutations

You are immune to sickness and miasma.
Your stone body is resilient. (AC +4)
You are immune to poison.
You resist negative energy. (rN+)
You are resistant to electric shocks. (rElec)
You are resistant to unholy torment.
You are immune to petrification.


   Skills:
 - Level 4.2 Fighting
 + Level 5.8 Axes
 - Level 1.0 Spellcasting
 - Level 3.0 Fire Magic


You had 7 spell levels left.
You didn't know any spells.
Your spell library contained the following spells:

 Spells                   Type           Power      Damage    Failure   Level
 Scorch                   Fire           18%        2d6       13%         2

Inventory:

Hand Weapons
 Y - a +0 hand axe of flaming (weapon)
Armour
 i - a +0 leather armour (worn)
Jewellery
 a - a ring of willpower (left hand)
Scrolls
 e - a scroll of identify
Potions
 b - 2 potions of curing {unknown}
 c - 2 potions of mutation
 g - 2 potions of heal wounds
 h - a potion of might
 j - a potion of lignification {unknown}
 k - a potion of resistance {unknown}

Dungeon Overview and Level Annotations

Branches:
Dungeon (4/15)
 Temple: D:4-7

Altars:
Okawaru
Zin


Message History

You barely miss the scorpion.
The scorpion is severely wounded.
The scorpion barely misses you.
You hit the scorpion. You burn the scorpion.
The scorpion is almost dead.
The scorpion stings you but does no damage.
The scorpion stings you.
You hit the scorpion. You burn the scorpion.
You kill the scorpion!
You start resting.
HP restored.
You see here a staff of poison.
Found a stone staircase leading up.
Enter note: You now have 143 gold pieces (gained 19).
Found a whip.
Found a stone staircase leading up.
Enter note: You see here a wand of polymorph (10).
An ogre comes into view. It is wielding a +0 giant spiked club.
The ogre shouts!
The ogre moves out of view.
An ogre is nearby!
You slash the ogre! You burn the ogre.
The ogre is moderately wounded.
The ogre barely misses you.
You hit the ogre. You burn the ogre.
The ogre is heavily wounded.
The ogre hits you with a +0 giant spiked club!!
Ouch! That really hurt!
2750 ||| INVOKING Fiery Armour.
A protective cloak of flame settles atop you.
You barely miss the ogre.
The ogre is heavily wounded.
The ogre barely misses you.
You slash the ogre! You burn the ogre.
The ogre is severely wounded.
The ogre hits you with a +0 giant spiked club!!
Ouch! That really hurt!
You die...

# .. #..##########
............#
###..........#
.......O.....#
##......@....#
.....)......#
##..........#
#######...........## #
##.......#..........#
###..#######...../....#
....## #..........#
##### #..........# #
#..........#


You could see an ogre.

Vanquished Creatures
  3 scorpions (D:4)
  3 adders
  A worm (D:2)
  3 dart slugs
  8 endoplasms
  3 giant cockroaches
  2 goblins
  4 hobgoblins
  8 kobolds
  6 quokkas
  6 ball pythons
  6 bats
  5 frilled lizards
  7 rats
65 creatures vanquished.

Notes
Turn   | Place    | Note
-------+----------+-------------------------------------------
     0 | D:1      | qw the Gargoyle Cinder Acolyte began the quest for the Orb.
     0 | D:1      | Reached XP level 1. HP: 14/14 MP: 2/2
     0 | D:1      | 0 ||| qw: Version: 0.2-a-95-gc95f03d
     0 | D:1      | 0 ||| qw: Game counter: 5
     0 | D:1      | 0 ||| qw: Always use a shield: true
     0 | D:1      | 0 ||| qw: God list: Okawaru
     0 | D:1      | 0 ||| qw: Allow faded altars: false
     0 | D:1      | 0 ||| qw: Do Orc after D:15 true
     0 | D:1      | 0 ||| qw: Do second Lair branch before Depths: true
     0 | D:1      | 0 ||| qw: Lair rune preference: random
     0 | D:1      | 0 ||| qw: Plans: Normal
     0 | D:1      | 0 ||| PLANNING D:1-11
    22 | D:1      | 22 ||| READING scroll labelled COPUES ZAWIY.
    23 | D:1      | 23 ||| READING scroll labelled LYIGAI SEVOVEF.
   120 | D:1      | 120 ||| UPGRADING to ring of willpower.
   122 | D:1      | Reached skill level 3 in Axes
   200 | D:1      | Reached XP level 2. HP: 19/19 MP: 3/3
   493 | D:1      | 493 ||| READING 2 scrolls labelled LAPROS NOPREMU.
   494 | D:1      | 494 ||| READING scroll labelled KOUDIRO KUANKU.
   495 | D:1      | 495 ||| DRINKING 2 emerald potions.
   512 | D:1      | 512 ||| INVOKING Fiery Armour.
   512 | D:1      | HP: 4/19 [kobold/+0 whip (1)]
   513 | D:1      | 513 ||| DRINKING potion of heal wounds.
   794 | D:1      | 794 ||| READING scroll labelled VOIHUW ZEIWN.
   795 | D:1      | 795 ||| DRINKING 2 amethyst potions.
   815 | D:2      | 815 ||| STAIRDANCE
   819 | D:1      | 819 ||| INVOKING Fiery Armour.
   821 | D:1      | Reached XP level 3. HP: 8/23 MP: 4/4
   906 | D:2      | Reached skill level 4 in Axes
   984 | D:2      | 984 ||| INVOKING Fiery Armour.
  1120 | D:2      | Reached XP level 4. HP: 21/28 MP: 5/5
  1165 | D:2      | 1165 ||| Stepping ~*~*~tactically~*~*~ (hiding).
  1299 | D:2      | 1299 ||| Stepping ~*~*~tactically~*~*~ (hiding).
  1496 | D:2      | 1496 ||| UPGRADING to +0 leather armour.
  1506 | D:2      | 1506 ||| DROPPING +0 robe.
  1507 | D:2      | 1507 ||| READING scroll labelled XOLAPT VUNU.
  1508 | D:2      | 1508 ||| READING scroll labelled ORYRUA WEZI.
  1509 | D:2      | 1509 ||| READING scroll labelled XIL OTRAES.
  1610 | D:2      | 1610 ||| READING scroll labelled RYNTEN USCHOH.
  1611 | D:2      | 1611 ||| READING 2 scrolls of identify.
  1611 | D:2      | 1611 ||| IDENTIFYING golden potion
  1691 | D:3      | 1691 ||| Stepping ~*~*~tactically~*~*~ (hiding).
  1694 | D:3      | 1694 ||| Stepping ~*~*~tactically~*~*~ (hiding).
  1697 | D:3      | 1697 ||| Stepping ~*~*~tactically~*~*~ (hiding).
  1699 | D:3      | 1699 ||| Stepping ~*~*~tactically~*~*~ (hiding).
  1808 | D:3      | Found a glowing silver altar of Zin.
  2092 | D:3      | Found an iron altar of Okawaru.
  2426 | D:3      | Found a faded altar of an unknown god.
  2429 | D:3      | 2429 ||| READING scroll labelled NUAZUR HUHONN.
  2432 | D:3      | 2432 ||| READING scroll labelled DAROIKE TIUPYTOH.
  2433 | D:3      | 2433 ||| READING 2 scrolls of identify.
  2433 | D:3      | 2433 ||| IDENTIFYING cyan potion
  2434 | D:3      | 2434 ||| DROPPING potion of attraction.
  2456 | D:4      | Noticed a scorpion
  2465 | D:4      | Killed a scorpion
  2466 | D:4      | Reached skill level 5 in Axes
  2466 | D:4      | Reached XP level 5. HP: 22/32 MP: 6/6
  2511 | D:4      | 2511 ||| Stepping ~*~*~tactically~*~*~ (stealth).
  2607 | D:4      | Reached XP level 6. HP: 37/38 MP: 7/7
  2750 | D:4      | 2750 ||| INVOKING Fiery Armour.
  2752 | D:4      | Mangled by an ogre

Levels and vault maps discovered:
D:1:      spicycebolla_green_bress_n_ham, layout_loops_ring, serial_glass,
          glass_columns_a, glass_columns_b, glass_columns_c, glass_columns_b,
          glass_columns_b, glass_columns_b, glass_columns_a, glass_columns_a,
          due_unseen_surprise, minmay_misc_feat_pillars, serial_bayou_lake_a
D:2:      layout_rooms
D:3:      layout_basic, mainiacjoe_overflow_alcove_1, lemuel_tele_altar,
          dilly_ecumenical_altar_fadedgnrine
D:4:      layout_rooms, uniq_robin

Skill      XL: |  1  2  3  4  5 |
---------------+----------------+-----
Axes           | 3 4 5 |  5.8
Fighting       | 4 |  4.2
Spellcasting   | |  1.0
Fire Magic     | |  3.0

Action                     |  1- 3 |  4- 6 || total
---------------------------+-------+-------++-------
  Melee: Hand axe          |    95 |   104 ||   199
 Invoke: Fiery Armour      |     3 |     1 ||     4
    Use: Scroll            |     5 |     8 ||    13
         Potion            |     3 |       ||     3
 Armour: Robe              |    40 |     8 ||    48
         Leather armour    |       |    28 ||    28
  Dodge: Dodged            |    50 |    35 ||    85

Table legend:
 A = Non-vault XP
 B = Vault XP
 C = Vault XP percentage of total XP
 D = Non-vault monster count
 E = Vault monster count
 F = Vault count percentage of total count
                 A         B        C        D         E       F
            +---------+---------+-------+---------+---------+-------
      Total |     403 |       0 |   0.0 |      65 |       0 |   0.0
            +---------+---------+-------+---------+---------+-------
        D:1 |      47 |       0 |   0.0 |      22 |       0 |   0.0
        D:2 |      63 |       0 |   0.0 |      21 |       0 |   0.0
        D:3 |      30 |       0 |   0.0 |      16 |       0 |   0.0
        D:4 |     263 |       0 |   0.0 |       6 |       0 |   0.0
            +---------+---------+-------+---------+---------+-------
